 Dungeon Crawl Stone Soup version 0.30-a0-939-gc8157cb160 (webtiles) character file.

Game seed: 12421431559847574587

373 OlivierWah the Trooper (level 6, -8/44 HPs)
             Began as a Gargoyle Gladiator on Mar 25, 2023.
             Killed by divine providence
             ... invoked by an orc priest
              (12 damage)
             ... on level 4 of the Dungeon.
             The game lasted 00:08:02 (2976 turns).

OlivierWah the Trooper (Gargoyle Gladiator)         Turns: 2976, Time: 00:08:03

Health: -8/44      AC: 11    Str: 19    XL:     6   Next: 72%
Magic:  6/6        EV: 11    Int:  9    God:
Gold:   155        SH:  0    Dex: 11    Spells: 5/5 levels left

rFire   . . .      SeeInvis +    a - +0 flail (freeze)
rCold   . . .      Faith    .    (no shield)
rNeg    + . .      Spirit   .    i - +0 ring mail
rPois   ∞          Reflect  .    c - +1 helmet
rElec   +          Rampage  .    (no cloak)
rCorr   .                        (no gloves)
Will    .....                    (no boots)
Stlth   +                        (no amulet)
HPRegen 0.27/turn                n - ring of see invisible
MPRegen 0.10/turn                (no ring)

@: brilliant, flying
A: sickness immunity, AC +4, negative energy resistance 1, electricity
resistance, torment resistance 1, petrification resistance
a: no special abilities


You were on level 4 of the Dungeon.
You visited 1 branch of the dungeon, and saw 5 of its levels.

You collected 155 gold pieces.

Inventory:

Hand Weapons
 a - a +0 flail of freezing (weapon)
Missiles
 d - 3 throwing nets (quivered)
 e - a javelin
Armour
 b - a +0 leather armour
 c - a +1 helmet (worn)
 i - a +0 ring mail (worn)
Magical Staves
 j - a staff of cold
 p - the staff of cold "Adoqerch" {rC+ rN+}
   (You found it on level 2 of the Dungeon)

   [staff of cold]

   Base accuracy: +5 Base damage: 5 Base attack delay: 1.2 This weapon's minimum
   attack delay (0.6) is reached at skill level 12.
   rC:        It protects you from cold.
   rN:        It protects you from negative energy.
   It falls into the 'Staves' category.
   It is a one-handed weapon.
Jewellery
 n - a ring of see invisible (left hand)
Scrolls
 g - a scroll of magic mapping
 h - 2 scrolls of identify
 l - a scroll of fear
Potions
 f - a potion of might {unknown}
 k - a potion of ambrosia {unknown}
 o - 2 potions of lignification
 t - a potion of flight


   Skills:
 + Level 7.0 Fighting
 - Level 3.0 Maces & Flails
 - Level 3.0 Throwing
 - Level 2.4 Dodging


You had 5 spell levels left.
You didn't know any spells.
Your spell library was empty.

Dungeon Overview and Level Annotations

Branches:
Dungeon (5/15)
 Temple: D:4-7

Altars:
Xom
Yredelemnul

Shops:
D:2 (   D:3 [


Innate Abilities, Weirdness & Mutations

You are immune to sickness and miasma.
Your stone body is resilient. (AC +4)
You are immune to poison.
You resist negative energy. (rN+)
You are resistant to electric shocks. (rElec)
You are resistant to unholy torment.
You are immune to petrification.


Message History

The orc attacks as you move away! The orc closely misses you.
Your transformation is almost over.
You see here a scroll labelled JONTOQAAFEE.
The orc misses you.
The orc priest calls down the wrath of Beogh upon you.
Beogh smites you!
* * * LOW HITPOINT WARNING * * *
The orc attacks as you move away! The orc hits you but does no damage.
The orc attacks as you move away! The orc closely misses you.
The orc priest begins to cast a cantrip, but forgets the words!
Okay, then.
The orc completely misses you.
You condense into your normal self.
Your +0 flail of freezing unmelds from your body.
Your +1 helmet unmelds from your body.
Your +0 ring mail unmelds from your body.
Your ring of see invisible unmelds from your body.
Your +0 flail of freezing glows with a cold blue light!
You sock the orc! You freeze the orc.
You kill the orc!
The orc priest invokes the aid of Beogh against you.
Pain shoots through your body!
* * * LOW HITPOINT WARNING * * *
You feel clever all of a sudden.
An orc wizard comes into view. It is wielding a +0 dagger.
The orc hits you but does no damage.
You feel very buoyant.
You fly up into the air.
The orc wizard shouts!
The orc hits you but does no damage. The orc wizard casts a spell at you.
The puff of flame misses you. The orc closely misses you.
Things that are here:
a +0 club; an orc corpse You sock the orc!
You freeze the orc.
You kill the orc!
The orc priest invokes the aid of Beogh against you.
Beogh smites you!
You die...

####### #.....#
#.....# #.....#
#..... #.. .... #.#
##.######.##
#..@oo##...
#.###..#..# #.
#..#..#####.#
...##?###..#........#
#............# #.#
####.#.##o##.#####.##
#.#.##.##.##.....
#o)o..?##.##.##.#
##)######.##.##.#


You could see an orc priest and an orc.

Vanquished Creatures
  A howler monkey (D:4)
  3 hounds
  2 orc priests (D:4)
  2 orc wizards (D:3)
  3 adders
  4 worms
  6 dart slugs
  8 orcs
  6 ball pythons
  3 bats
  8 endoplasms
  3 giant cockroaches
  9 goblins
  9 hobgoblins
  3 jackals (D:1)
  2 quokkas (D:3)
  2 frilled lizards (D:1)
  5 kobolds
  8 rats
87 creatures vanquished.

Vanquished Creatures (others)
  4 fungi
  7 plants (D:3)
  4 withered plants (D:3)
15 creatures vanquished.

Grand Total: 102 creatures vanquished

Notes
Turn   | Place    | Note
-------+----------+-------------------------------------------
     0 | D:1      | OlivierWah the Gargoyle Gladiator began the quest for the
                  | Orb.
     0 | D:1      | Reached XP level 1. HP: 12/12 MP: 1/1
    97 | D:1      | Reached XP level 2. HP: 16/18 MP: 2/2
   243 | D:1      | Reached skill level 3 in Fighting
   245 | D:1      | Reached XP level 3. HP: 22/23 MP: 3/3
   652 | D:2      | Found a shimmering altar of Xom.
   751 | D:2      | Identified the staff of cold "Adoqerch" {rC+ rN+}
   771 | D:2      | Found Raesakho's Weapon Shop.
   939 | D:2      | Reached XP level 4. HP: 20/28 MP: 4/4
  1629 | D:3      | Reached skill level 4 in Fighting
  1778 | D:3      | Found Ydakk's Armour Emporium.
  1870 | D:3      | Reached XP level 5. HP: 34/34 MP: 5/5
  1879 | D:3      | Reached skill level 5 in Fighting
  2204 | D:3      | Found a faded altar of an unknown god.
  2286 | D:3      | Found a basalt altar of Yredelemnul.
  2649 | D:3      | You fall into a shaft and drop 2 floors!
  2649 | D:5      | Entered Level 5 of the Dungeon
  2840 | D:4      | Reached skill level 6 in Fighting
  2840 | D:4      | Reached XP level 6. HP: 38/41 MP: 6/6
  2906 | D:4      | Reached skill level 7 in Fighting
  2976 | D:4      | Killed from afar by an orc priest

Illustrated notes

Levels and vault maps discovered:
D:1:      wander_arrival_fairy_ring, layout_rooms
D:2:      layout_basic, serial_shops, shop, basic_altar,
          small_statue_intersection, minmay_cupped
D:3:      layout_loops_corners, yredelemnul_altar_generic,
          shapermc_ecumenical_altar_mp_urbaneastern, serial_shops,
          nicolae_square_shop, serial_park_tiny_1
D:4:      layout_loops_cross, uniq_ijyb, uniq_pikel
D:5:      layout_basic, temple_doors_ab, minmay_checkerbox

Skill      XL: |  1  2  3  4  5  6 |
---------------+-------------------+-----
Throwing       | 2 3 |  3.0
Fighting       | 3 4 6 7 |  7.0
Maces & Flails | |  3.0
Dodging        | |  2.4

Action                     |  1- 3 |  4- 6 || total
---------------------------+-------+-------++-------
  Melee: Flail             |   118 |   152 ||   270
         Punch             |       |     3 ||     3
    Use: Scroll            |       |    11 ||    11
         Potion            |       |     2 ||     2
 Armour: Leather armour    |    41 |       ||    41
         Ring mail         |    19 |    64 ||    83
         Skin              |       |     1 ||     1
  Dodge: Dodged            |    88 |    86 ||   174

Table legend: (Time is in decaauts)
 A = Elapsed time spent in this place.
 B = Non-inter-level travel time spent in this place.
 C = Inter-level travel time spent in this place.
 D = Time resting spent in this place.
 E = Time spent auto-exploring this place.
 F = Levels seen in this place.
 G = Mean time per level.
                   A        B        C        D        E       F      G
               +--------+--------+--------+--------+--------+-----+--------+
         Total |   3041 |   2961 |     80 |    469 |   1667 |   5 |  608.2 |
       Dungeon |   3041 |   2961 |     80 |    469 |   1667 |   5 |  608.2 |
               +--------+--------+--------+--------+--------+-----+--------+

Top non-repeatable levels by time:
     D:3: 1336 daAuts
     D:2: 904 daAuts
     D:1: 618 daAuts
     D:4: 168 daAuts
     D:5: 13 daAuts
